AoeStats
← cmd

Lombardia

509710365Analyzed
3v3 RM · 4d ago on Sep 27, 2026· 94m 1s· 6 players
Game mode
Random Map
Map size
Normal (6 player)
Population
200
Speed
Normal
Resources
Standard
Victory
Conquest
Starting age
Dark Age
Ending age
Imperial Age
RankedLock teamsTeams togetherTeam positionsShared explorationLock speedFull tech treeHidden civsTurbo modeCheats
Victory
Defeat
🇧🇷 Vikings · Brazil
929
+16
🇧🇷 Khmer · Brazil
922
+16
🇲🇽 Danes · Mexico
919
+16
🇩🇪 Magyars · Germany
962
-17
🇩🇪 Japanese · Germany
927
-16
🇩🇪 Franks · Germany
898
-15
Mr.Scavenger
11:02 Loom
12:51 Loom
14:37 Feudal Age
16:15 Horse Collar
18:42 Double-Bit Axe
19:49 Forging
23:20 Gold Mining
23:20 Stone Mining
24:30 Wheelbarrow
25:57 Castle Age
24:49 Scale Mail Armor
28:26 Bow Saw
29:47 Heavy Plow
31:52 Iron Casting
31:32 Chain Mail Armor
32:12 Hand Cart
32:06 Town Watch
33:09 Gold Shaft Mining
33:11 Stone Shaft Mining
35:47 Imperial Age
34:32 Masonry
39:35 Blast Furnace
39:34 Conscription
40:01 Ballistics
40:09 Town Patrol
39:44 Northmen's Fury
40:48 Squires
42:49 Elite Skirmisher
43:24 Fletching
43:34 Padded Archer Armor
43:56 Elite Jomsviking
44:35 Bodkin Arrow
44:55 Leather Archer Armor
46:24 Siege Engineers
46:24 Bracer
46:54 Ring Archer Armor
48:29 Plate Mail Armor
49:13 Hamask
51:12 Hoardings
50:38 Murder Holes
51:44 Chemistry
57:58 Scale Barding Armor
59:34 Hoardings
63:35 Arson
63:11 Elite Varangian Guard
64:56 Pikeman
69:39 Halberdier
71:26 Gambesons
74:28 Light Cavalry
75:19 Bloodlines
75:09 Husbandry
93:32 Caravan
Sir Tom the Tall
4:41 Loom
11:15 Feudal Age
12:29 Double-Bit Axe
12:48 Man-at-Arms
14:52 Horse Collar
18:46 Stone Mining
18:51 Gold Mining
24:55 Castle Age
24:33 Padded Archer Armor
24:34 Scale Mail Armor
24:44 Forging
26:21 Bow Saw
26:16 Heavy Plow
25:51 Crossbowman
25:56 Long Swordsman
26:38 Squires
27:33 Gold Shaft Mining
34:45 Imperial Age
32:35 Leather Archer Armor
32:35 Chain Mail Armor
32:56 Iron Casting
31:57 Pikeman
32:23 Arson
34:53 Arbalester
34:56 Two-Handed Swordsman
36:08 Conscription
39:41 Crop Rotation
42:35 Two-Man Saw
48:03 Hoardings
50:54 Murder Holes
51:05 Siege Engineers
53:20 Plate Mail Armor
53:52 Blast Furnace
55:33 Chemistry
54:52 Elite Berserk
55:29 Heavy Scorpion
57:39 Caravan
60:10 Ring Archer Armor
60:37 Onager
60:42 Elite Skirmisher
64:22 Capped Ram
65:12 Chieftains
65:16 Bogsveigar
65:59 Fervor
65:23 Siege Ram
69:15 Elite Varangian Guard
74:20 Fortified Wall
73:51 Treadmill Crane
74:22 Masonry
74:33 Ballistics
Caio Pai
2:07 Loom
14:42 Feudal Age
18:08 Castle Age
16:54 Double-Bit Axe
18:11 Pikeman
21:12 Wheelbarrow
23:50 Gold Mining
24:12 Horse Collar
33:41 Stone Mining
34:23 Bow Saw
35:43 Heavy Plow
39:01 Tusk Swords
43:43 Gold Shaft Mining
45:11 Hand Cart
44:41 Town Watch
46:21 Caravan
48:05 Scale Barding Armor
48:00 Scale Mail Armor
48:01 Padded Archer Armor
51:21 Imperial Age
49:32 Ballistics
51:16 Chain Barding Armor
50:48 Fletching
51:14 Chain Mail Armor
51:10 Forging
51:16 Leather Archer Armor
53:24 Chemistry
53:06 Conscription
54:18 Crop Rotation
53:59 Halberdier
54:57 Double Crossbow
55:49 Heavy Scorpion
58:23 Masonry
58:18 Siege Engineers
58:51 Plate Barding Armor
58:46 Ring Archer Armor
58:11 Bodkin Arrow
58:44 Elite Ballista Elephant
73:44 Iron Casting
73:05 Bodkin Arrow
88:27 Man-at-Arms
90:42 Blast Furnace
89:43 Bracer
91:04 Architecture
90:45 Fortified Wall
90:31 Murder Holes
90:21 Long Swordsman
91:39 Two-Handed Swordsman
noname
11:29 Feudal Age
9:46 Loom
14:25 Double-Bit Axe
14:22 Horse Collar
15:05 Scale Barding Armor
22:29 Castle Age
21:47 Gold Mining
23:24 Thumb Ring
23:50 Bow Saw
24:35 Heavy Plow
25:39 Wheelbarrow
24:50 Town Watch
26:05 Bloodlines
25:55 Husbandry
26:33 Ballistics
26:46 Ballistics
26:48 Fletching
26:59 Padded Archer Armor
27:53 Bloodlines
28:41 Hand Cart
32:43 Masonry
37:09 Imperial Age
36:17 Stone Mining
37:03 Gold Shaft Mining
36:13 Treadmill Crane
37:41 Corvinian Army
39:53 Chain Barding Armor
39:48 Leather Archer Armor
39:29 Bodkin Arrow
41:25 Chemistry
40:20 Murder Holes
41:14 Bodkin Arrow
41:51 Town Patrol
42:16 Recurve Bow
42:53 Hoardings
42:38 Caravan
43:16 Conscription
43:23 Parthian Tactics
43:56 Elite Magyar Huszar
46:20 Plate Barding Armor
46:15 Ring Archer Armor
45:46 Bracer
46:56 Bracer
49:23 Heavy Cavalry Archer
50:06 Scale Mail Armor
50:28 Siege Engineers
49:50 Elite Skirmisher
54:44 Two-Man Saw
54:19 Crop Rotation
73:23 Sappers
79:35 Chain Mail Armor
85:57 Onager
helo
8:48 Loom
10:45 Feudal Age
11:50 Double-Bit Axe
11:50 Horse Collar
21:46 Castle Age
22:21 Bloodlines
22:26 Fletching
25:04 Bow Saw
24:46 Gold Mining
24:55 Bodkin Arrow
24:24 Crossbowman
26:46 Wheelbarrow
27:40 Padded Archer Armor
29:54 Thumb Ring
33:16 Hand Cart
35:47 Ballistics
38:48 Heavy Plow
40:46 Town Watch
42:04 Town Patrol
42:28 Guard Tower
42:34 Murder Holes
42:20 Treadmill Crane
45:14 Leather Archer Armor
45:24 Yasama
49:20 Imperial Age
47:04 Fortified Wall
47:05 Masonry
53:41 Imperial Age
54:12 Arbalester
55:03 Bracer
55:34 Ring Archer Armor
56:08 Chemistry
55:43 Keep
54:54 Arrowslits
58:29 Elite Samurai
63:03 Kataparuto
86:35 Elite Skirmisher
cmd
10:34 Loom
13:39 Feudal Age
15:29 Double-Bit Axe
18:48 Castle Age
20:49 Double-Bit Axe
23:28 Bow Saw
23:30 Gold Mining
25:04 Scale Barding Armor
26:10 Gold Shaft Mining
25:44 Stone Mining
26:06 Husbandry
26:29 Chain Barding Armor
26:20 Forging
46:57 Imperial Age
46:28 Ordonnance Companies
46:58 Cavalier
48:32 Caravan
48:41 Paladin
51:08 Plate Barding Armor
51:09 Iron Casting
53:04 Elite Throwing Axeman
54:20 Chivalry
55:06 Scale Mail Armor
56:06 Blast Furnace
56:06 Chain Mail Armor
58:07 Conscription
59:51 Plate Mail Armor
72:26 Fletching
72:37 Padded Archer Armor
75:03 Bodkin Arrow
75:24 Leather Archer Armor
77:27 Ballistics
78:07 Chemistry
78:13 Elite Skirmisher
82:46 Pikeman
83:27 Squires
86:16 Halberdier
Connection lost

Rejoining the realm…

Still unreachable

The connection could not be restored.

Session expired

The server has moved on; the page needs a fresh start.